 Dungeon Crawl Stone Soup version 0.30-a0-878-gc727b3d3d6 (webtiles) character file.

Game seed: 1787881640911929180

4915 svjljgwke the Nimble (level 10, 0/136 HPs)
             Began as a Minotaur Fighter on Mar 12, 2023.
             Was a Follower of Okawaru.
             Slain by Amaemon
             ... wielding the +8 whip "Snakebite" {venom, curare, rPois}
              (20 damage)
             ... on level 8 of the Dungeon.
             The game lasted 00:16:33 (5400 turns).

svjljgwke the Nimble (Minotaur Fighter)             Turns: 5400, Time: 00:16:34

Health: 0/136      AC: 16    Str: 31    XL:     10   Next: 27%
Magic:  9/9        EV: 13    Int:  7    God:    Okawaru [*.....]
Gold:   1375       SH:  5    Dex:  9    Spells: 9/9 levels left

rFire   . . .      SeeInvis +    z - +4 broad axe "Arbiter" {elec, rPois rCorr Str+2 Int+3}
rCold   . . .      Faith    .    c - +0 buckler
rNeg    + . .      Spirit   .    o - +5 ring mail "Cac Dioh" {Rampage Regen+}
rPois   +          Reflect  .    (helmet restricted)
rElec   .          Rampage  +    (no cloak)
rCorr   +                        (no gloves)
Will    .....                    b - +1 pair of boots Stlth
                                 r - amulet of magic regeneration
HPRegen 1.22/turn                e - ring of see invisible
MPRegen 0.51/turn                v - ring of positive energy

@: berserking (expiring), lethally poisoned (0 -> -4), slowed, studying 2 skills
A: horns 2, retaliatory headbutt, talons 1, iridescent scales 1, strong 1
a: Renounce Religion, Heroism


You were on level 8 of the Dungeon.
You worshipped Okawaru.
Okawaru was aware of your devotion.
You visited 2 branches of the dungeon, and saw 9 of its levels.

You collected 1375 gold pieces.

Inventory:

Hand Weapons
 a - a +0 war axe
 z - the +4 broad axe "Arbiter" (weapon) {elec, rPois rCorr Str+2 Int+3}
   (You acquired it on level 7 of the Dungeon)

   Str:       It affects your strength (+2).
   Int:       It affects your intelligence (+3).
   rPois:     It protects you from poison.
   rCorr:     It protects you from acid and corrosion.
Armour
 b - a +1 pair of boots (worn)
 c - a +0 buckler (worn)
 o - the +5 ring mail "Cac Dioh" (worn) {Rampage Regen+}
   (You found it on level 3 of the Dungeon)

   Regen:     It increases your rate of health regeneration.
   Rampage:   It bestows one free step when moving towards enemies.
 x - a +2 chain mail of cold resistance
Jewellery
 e - a ring of see invisible (left hand)
 r - an amulet of magic regeneration (around neck)
 v - a ring of positive energy (right hand)
Wands
 n - a wand of mindburst (9)
 q - a wand of iceblast (10)
 A - a wand of flame (20)
 B - a wand of light (13)
Scrolls
 j - a scroll of magic mapping
 s - 3 scrolls of blinking
 u - a scroll of teleportation
 y - a scroll of fear
Potions
 d - a potion of might
 g - 2 potions of flight
 h - 2 potions of haste
 i - 5 potions of mutation
 k - 5 potions of curing
 l - 6 potions of lignification
 m - 4 potions of cancellation
 p - a potion of brilliance {unknown}
 t - 3 potions of heal wounds
 w - 2 potions of attraction


   Skills:
 + Level 9.0 Fighting
 + Level 9.0 Axes
 + Level 9.0 Armour
 + Level 9.5 Dodging
 + Level 8.9 Shields


You had 9 spell levels left.
You didn't know any spells.
Your spell library contained the following spells:

 Spells                   Type           Power      Damage    Failure   Level
 Magic Dart               Conj           0%         1d3       61%         1
 Lesser Beckoning         Tloc           0%         N/A       75%         2
 Scorch                   Fire           0%         2d5       75%         2
 Searing Ray              Conj           0%         2d4       75%         2
 Gell's Gravitas          Tloc           0%         N/A       93%         3
 Teleport Other           Tloc           0%         N/A       93%         3
 Flame Wave               Conj/Fire      0%         2d4       100%        4
 Fulminant Prism          Conj/Hex       0%         3d5       100%        4
 Summon Cactus Giant      Summ           Unusable   N/A       N/A         6

Dungeon Overview and Level Annotations

Branches:
Dungeon (8/15)             Temple (1/1) D:7
   Lair: D:8-11

Altars:
Elyvilon
Gozag
Okawaru
Qazlal
Ru
Xom

Annotations:
D:8 Amaemon


Innate Abilities, Weirdness & Mutations

You have a pair of horns on your head.
You reflexively headbutt those who attack you in melee.
You have sharp toenails.
You are partially covered in iridescent scales. (AC +2)
Your muscles are strong. (Str +4, Int/Dex -1)


Message History

Amaemon gestures wildly while chanting.
Unknown command.
You are too berserk!
Unknown command.
Unknown command.
Unknown command.
Unknown command.
Unknown command.
Unknown command.
Unknown command.
Unknown command.
Unknown command.
Unknown command.
Unknown command.
You miss Amaemon. You headbutt Amaemon!
Amaemon is almost dead.
You hit the scorpion but do no damage. Lightning courses through the scorpion!
You closely miss the scorpion.
You feel very sick. The orange demon barely misses you.
Amaemon gestures wildly while chanting.
The scorpion closely misses you. The scorpion misses you.
You completely miss Amaemon. Your headbutt misses Amaemon.
Amaemon is almost dead.
You slash the scorpion!
You kill the scorpion!
The scorpion's corpse disappears in a puff of smoke!
You slice the scorpion!!
You kill the scorpion!
The scorpion's corpse disappears in a puff of smoke!
You slash the scorpion! Lightning courses through the scorpion!
You kill the scorpion!
The scorpion's corpse disappears in a puff of smoke!
You slash the scorpion! Lightning courses through the scorpion!
You kill the scorpion!
The scorpion's corpse disappears in a puff of smoke!
You feel very sick.
The orange demon stings you but does no damage.
Amaemon hits you with the +8 whip "Snakebite" {venom, curare, rPois}!!
You die...

#### #....####......#
...... #....#..'......#
..... #....#..#.(....#
......#....#>.#......#
......#....#..#......#
4.6...'....#..#......#
#4##...>#..#......#
...###§#§...##..#.....##
......6@....#...#.....#.
......s#§...#...#.....#.
.....s.#....#...#.....#.
.......#....#...#.....#.
.......#....#...#.....#.
.####..#....##..#.....##
#..##....#..#......# ...
#....#..#......'
#....#..#......#


You could see Amaemon (strong), an orange demon (curare) and 2 scorpions.

Vanquished Creatures
  Joseph (D:7)
  Grinder (D:5)
  Prince Ribbit (D:8)
  Menkaure (D:6)
  Edmund (D:6)
  Duvessa (D:5)
  2 water moccasins
  An orc warrior (D:8)
  2 black bears
  3 ice beasts
  2 centaurs (D:5)
  2 phantoms
  A kobold brigand (D:7)
  5 bullfrogs
  8 scorpions
  Dowan (D:5)
  16 wights
  3 killer bees (D:8)
  3 howler monkeys
  5 jellies
  4 hounds
  A gnoll bouda (D:8)
  4 iguanas
  8 orc wizards
  10 gnolls
  5 adders
  4 ufetubi
  A worm (D:4)
  3 dart slugs
  17 orcs
  2 bats
  6 endoplasms
  3 giant cockroaches (D:2)
  8 goblins
  8 hobgoblins
  3 jackals (D:1)
  14 kobolds
  2 quokkas
  7 ball pythons
  4 frilled lizards
  2 rats (D:1)
176 creatures vanquished.

Vanquished Creatures (others)
  2 fungi (D:4)
2 creatures vanquished.

Grand Total: 178 creatures vanquished

Notes
Turn   | Place    | Note
-------+----------+-------------------------------------------
     0 | D:1      | svjljgwke the Minotaur Fighter began the quest for the Orb.
     0 | D:1      | Reached XP level 1. HP: 19/19 MP: 0/0
   212 | D:1      | Reached XP level 2. HP: 27/27 MP: 1/1
   497 | D:1      | Reached skill level 1 in Dodging
   585 | D:1      | Reached XP level 3. HP: 33/33 MP: 2/2
   902 | D:2      | Identified the +6 short sword "Povioson" {freeze, rC+}
  1256 | D:2      | Gained mutation: Your muscles are strong. (Str +4, Int/Dex
                  | -1) [potion of mutation]
  1256 | D:2      | Gained mutation: You have sharp toenails. [potion of
                  | mutation]
  1256 | D:2      | Gained mutation: You are partially covered in iridescent
                  | scales. (AC +2) [potion of mutation]
  1715 | D:3      | Found a shimmering altar of Xom.
  1747 | D:3      | Reached XP level 4. HP: 40/40 MP: 3/3
  1879 | D:3      | Identified the +5 ring mail "Cac Dioh" {Rampage Regen+}
  2404 | D:4      | Reached XP level 5. HP: 47/47 MP: 4/4
  2438 | D:4      | Noticed a black bear
  2445 | D:4      | Killed a black bear
  2462 | D:4      | Reached XP level 6. HP: 51/55 MP: 5/5
  2469 | D:4      | Reached skill level 5 in Fighting
  2469 | D:4      | Reached skill level 5 in Armour
  2469 | D:4      | Reached skill level 5 in Shields
  3070 | D:5      | Entered Level 5 of the Dungeon
  3147 | D:5      | Noticed an ice beast
  3149 | D:5      | Noticed an ice beast
  3158 | D:5      | Reached XP level 7. HP: 61/61 MP: 6/6
  3163 | D:5      | Reached skill level 5 in Axes
  3310 | D:5      | Found an opulent altar of Gozag.
  3396 | D:5      | Reached XP level 8. HP: 62/70 MP: 7/7
  3421 | D:5      | Noticed Grinder
  3427 | D:5      | Paralysed by Grinder for 5 turns
  3432 | D:5      | Noticed Duvessa
  3435 | D:5      | Killed Grinder
  3436 | D:5      | Reached skill level 5 in Dodging
  3443 | D:5      | Killed Duvessa
  3456 | D:5      | Noticed Dowan
  3471 | D:5      | Killed Dowan
  3899 | D:6      | Noticed Menkaure
  3900 | D:6      | Noticed Edmund
  3909 | D:6      | Killed Menkaure
  3911 | D:6      | Killed Edmund
  3925 | D:6      | Reached XP level 9. HP: 68/79 MP: 8/8
  4410 | D:7      | Noticed Joseph
  4478 | D:7      | Killed Joseph
  4501 | D:7      | Found a staircase to the Ecumenical Temple.
  4541 | Temple   | Entered the Ecumenical Temple
  4609 | Temple   | Became a worshipper of Warmaster Okawaru
  4702 | D:7      | Identified 3 scrolls of acquirement
  4702 | D:7      | Acquired a manual of Axes
  4707 | D:7      | Acquired the +4 broad axe "Arbiter" {elec, rPois rCorr
                  | Str+2 Int+3}
  4709 | D:7      | Acquired 1076 gold pieces
  5090 | D:8      | Reached XP level 10. HP: 88/90 MP: 9/9
  5251 | D:8      | Noticed Prince Ribbit
  5267 | D:8      | Killed Prince Ribbit
  5267 | D:8      | Reached * piety under Okawaru
  5383 | D:8      | Noticed Amaemon
  5383 | D:8      | Noticed an orange demon
  5400 | D:8      | Slain by Amaemon

Illustrated notes

Levels and vault maps discovered:
D:1:      spicycebolla_arrival_risky_transporter, layout_loops_cross
D:2:      layout_loops_corners, chequers_decorated_corner
D:3:      layout_basic, mainiacjoe_overflow_tiny_flanked
D:4:      layout_gridville, dreamdust_gnoll_farm
D:5:      layout_gridville, lemuel_doored_altar, minmay_manual_mess,
          uniq_grinder, uniq_duvessa
D:6:      layout_basic, grunt_ministairs_2, uniq_edmund, uniq_menkaure
D:7:      layout_cave_pools, temple_doors_e, palyth_stone_intersect, uniq_joseph
D:8:      layout_gridville, uniq_maggie, uniq_amaemon, uniq_maurice,
          uniq_prince_ribbit1
Temple:   mainiacjoe_temple_big_plus

Skill      XL: |  1  2  3  4  5  6  7  8  9 10 |
---------------+-------------------------------+-----
Dodging        | 1 2 3 4 6 8 9 |  9.5
Fighting       | 4 5 6 7 8 9 |  9.0
Shields        | 4 5 6 7 8 |  8.9
Armour         | 4 5 6 7 8 9 |  9.0
Axes           | 3 4 5 6 8 9 |  9.0

Action                     |  1- 3 |  4- 6 |  7- 9 | 10-12 || total
---------------------------+-------+-------+-------+-------++-------
  Melee: War axe           |    92 |    79 |   197 |       ||   368
         Headbutt          |     6 |    12 |    36 |     9 ||    63
         Kick              |     1 |    12 |       |       ||    13
         Broad axe         |       |       |    10 |    45 ||    55
    Use: Scroll            |     7 |     5 |    10 |     2 ||    24
         Potion            |     1 |     1 |     2 |     1 ||     5
 Armour: Scale mail        |    49 |     3 |       |       ||    52
         Ring mail         |       |    49 |   121 |    16 ||   186
  Dodge: Dodged            |    46 |    70 |   147 |    33 ||   296
  Block: Buckler           |    25 |    20 |    69 |    16 ||   130

Table legend: (Time is in decaauts)
 A = Elapsed time spent in this place.
 B = Non-inter-level travel time spent in this place.
 C = Inter-level travel time spent in this place.
 D = Time resting spent in this place.
 E = Time spent auto-exploring this place.
 F = Levels seen in this place.
 G = Mean time per level.
                   A        B        C        D        E       F      G
               +--------+--------+--------+--------+--------+-----+--------+
         Total |   5536 |   5331 |    205 |     48 |   4137 |   9 |  615.1 |
       Dungeon |   5438 |   5263 |    175 |     48 |   4087 |   8 |  679.8 |
        Temple |     98 |     68 |     30 |      0 |     50 |   1 |   98.0 |
               +--------+--------+--------+--------+--------+-----+--------+

Top non-repeatable levels by time:
     D:2: 903 daAuts
     D:5: 844 daAuts
     D:3: 768 daAuts
     D:1: 765 daAuts
     D:4: 691 daAuts
     D:6: 580 daAuts
     D:7: 520 daAuts
     D:8: 364 daAuts
  Temple: 98 daAuts
